 Dungeon Crawl Stone Soup version 0.27-a0-1612-gde56a17b89 (webtiles) character file.

Game seed: 10598112785496840259

42 MovingMist the Skirmisher (level 3, -1/24 HPs)
             Began as a Gargoyle Fighter on July 22, 2021.
             Slain by Robin (2 damage)
             ... on level 1 of the Dungeon.
             The game lasted 00:01:50 (1286 turns).

MovingMist the Skirmisher (Gargoyle Fighter)        Turns: 1286, Time: 00:01:50

Health: -1/24      AC: 10    Str: 19    XL:     3   Next: 54%
Magic:  3/3        EV: 11    Int:  8    God:
Gold:   50         SH:  9    Dex: 10    Spells: 2/2 levels left

rFire    . . .     SeeInvis .   a - +0 flail
rCold    + . .     Faith    .   c - +0 kite shield
rNeg     + . .     Spirit   .   b - +0 scale mail
rPois    ∞         Reflect  .   (no helmet)
rElec    +         Harm     .   (no cloak)
rCorr    .         Rampage  .   (no gloves)
Will     .....                  (no boots)
Stlth    ..........             (no amulet)
HPRegen  0.08/turn              e - +4 ring of evasion
MPRegen  0.08/turn              k - ring of protection from cold

@: no status effects
A: sickness immunity, AC +3, negative energy resistance 1, electricity
resistance, torment resistance 1, petrification resistance
a: no special abilities


You were on level 1 of the Dungeon.
You visited 1 branch of the dungeon, and saw 2 of its levels.

You collected 50 gold pieces.

Inventory:

Hand Weapons
 a - a +0 flail (weapon)
Armour
 b - a +0 scale mail (worn)
 c - a +0 kite shield (worn)
Jewellery
 e - a +4 ring of evasion (left hand)
 k - a ring of protection from cold (right hand)
Scrolls
 f - 2 scrolls of identify {unknown}
 g - a scroll of summoning {unknown}
 h - a scroll of enchant weapon {unknown}
 j - a scroll of enchant armour {unknown}
Potions
 d - 2 potions of might
 i - a potion of brilliance {unknown}


   Skills:
 + Level 3.7 Fighting
 + Level 2.4 Maces & Flails
 + Level 3.6 Armour
 * Level 1.4 Dodging
 - Level 3.2 Shields


You had 2 spell levels left.
You didn't know any spells.
Your spell library contained the following spells:

 Spells                   Type           Power      Damage    Failure   Level
 Slow                     Hex            0%         N/A       100%        2
 Confusing Touch          Hex            0%         N/A       100%        3
 Vampiric Draining        Necr           0%         2d6       100%        3


Dungeon Overview and Level Annotations

Branches:
Dungeon (2/15)

Altars:
Elyvilon

Annotations:
D:1 Robin


Innate Abilities, Weirdness & Mutations

You are immune to sickness and miasma.
Your stone body is resilient. (AC +3)
You are immune to poison.
You resist negative energy. (rN+)
You are resistant to electric shocks. (rElec)
You are resistant to unholy torment.
You are immune to petrification.


Message History

You block the hobgoblin's attack. x2
You hit the hobgoblin but do no damage. You block the hobgoblin's attack.
You closely miss the hobgoblin. You block the hobgoblin's attack.
The hobgoblin barely misses you.
You sock the hobgoblin!
You kill the hobgoblin!
You closely miss Robin. Robin completely misses you.
Robin hits you but does no damage.
You closely miss Robin. Robin hits you but does no damage.
You closely miss Robin. Robin hits you with a +0 mace. x2
You sock Robin!
Robin is heavily wounded.
Robin closely misses you.
You sock Robin!
Robin is almost dead.
You block Robin's attack.
Robin drinks a potion.
Robin is healed!
You hit Robin.
Robin is heavily wounded.
Robin hits you but does no damage.
You barely miss Robin.
Robin is heavily wounded.
Robin hits you but does no damage. Robin hits you with a +0 mace.
You hit Robin.
Robin is severely wounded.
You block Robin's attack.
You barely miss Robin.
Robin is severely wounded.
Robin closely misses you. Robin hits you with a +0 mace.
* * * LOW HITPOINT WARNING * * *
You hit Robin.
Robin is severely wounded.
Robin hits you with a +0 mace.
* * * LOW HITPOINT WARNING * * *
You closely miss Robin.
Robin is severely wounded.
You block Robin's attack. Robin hits you but does no damage.
You hit Robin.
Robin is severely wounded.
Robin hits you with a +0 mace.
You die...

#...............#####......#..###
..⌠.≈.≈≈PP.......# ##.....###..#
..≈....PP≈.......# #.....# #..#
..⌠P####.≈.#..##.# ##.######(##
..P..._#.≈....##.# #.#####..##
..≈.####.P..#.##.# #.##....###
..≈P...P.⌠..#.##.# #....#### #
..⌠≈≈≈≈P≈⌠..#.##.# ##..## #
............#.##@# ####...######
[##########.#.##g## #)...........
..............##..###............
#######.......###........###.....
#.......###............##..
#.......##............###)#
#......).....########..##.#
#.......#.#.## #.....#
#...........# ##.....


You could see Robin.

Vanquished Creatures
  A dart slug (D:1)
  3 endoplasms
  2 giant cockroaches
  11 goblins
  4 hobgoblins
  2 jackals (D:1)
  A quokka (D:1)
  3 ball pythons (D:1)
  A bat (D:1)
  2 frilled lizards (D:1)
  2 kobolds (D:1)
  4 rats (D:1)
36 creatures vanquished.

Notes
Turn   | Place    | Note
-------+----------+-------------------------------------------
     0 | D:1      | MovingMist the Gargoyle Fighter began the quest for the
                  | Orb.
     0 | D:1      | Reached XP level 1. HP: 14/14 MP: 1/1
   266 | D:1      | Reached XP level 2. HP: 19/19 MP: 2/2
   314 | D:1      | Found a faded altar of an unknown god.
   385 | D:1      | Reached skill level 1 in Dodging
   758 | D:1      | Reached XP level 3. HP: 23/23 MP: 3/3
   984 | D:2      | Found a white marble altar of Elyvilon.
  1010 | D:2      | Noticed Robin
  1284 | D:1      | HP: 1/24 [Robin (6)]
  1286 | D:1      | Slain by Robin

Illustrated notes

Levels and vault maps discovered:
D:1:      matt_arrival_los_fun, layout_rooms,
          shapermc_ecumenical_altar_acropolis
D:2:      layout_loops_ring, basic_altar, uniq_robin

Skill      XL: |  1  2 |
---------------+-------+-----
Dodging        | 1 |  1.4
Fighting       | |  3.7
Maces & Flails | |  2.4
Armour         | |  3.6
Shields        | |  3.2

Action                   || total
-------------------------++-------
Melee: Flail             ||   109
Armor: Scale mail        ||    67
Dodge: Dodged            ||    72
Block: Kite shield       ||    69

Table legend: (Time is in decaauts)
 A = Elapsed time spent in this place.
 B = Non-inter-level travel time spent in this place.
 C = Inter-level travel time spent in this place.
 D = Time resting spent in this place.
 E = Time spent auto-exploring this place.
 F = Levels seen in this place.
 G = Mean time per level.
                   A        B        C        D        E       F      G
               +--------+--------+--------+--------+--------+-----+--------+
         Total |   1343 |   1331 |     12 |    491 |    545 |   2 |  671.5 |
       Dungeon |   1343 |   1331 |     12 |    491 |    545 |   2 |  671.5 |
               +--------+--------+--------+--------+--------+-----+--------+

Top non-repeatable levels by time:
     D:1: 1149 daAuts
     D:2: 193 daAuts
